 Dungeon Crawl Stone Soup version 0.29.1-15-g9cfb28693d (webtiles) character file.

Game seed: 15654817368919948401

431 javelincjr the Schismatic (level 6, -4/48 HPs)
             Began as a Demonspawn Abyssal Knight on Mar 23, 2023.
             Was an Elder of Lugonu.
             Slain by an orc priest
             ... wielding a +0 flail
              (6 damage)
             ... on level 4 of the Dungeon.
             The game lasted 00:13:18 (3993 turns).

javelincjr the Schismatic (DsAK)                    Turns: 3993, Time: 00:13:19

Health: -4/48      AC: 11    Str: 15    XL:     6   Next: 67%
Magic:  9/9        EV:  7    Int: 11    God:    Lugonu [****..]
Gold:   156        SH:  5    Dex: 14    Spells: 6/6 levels left

rFire   . . .      SeeInvis .   a - +1 hand axe
rCold   . . .      Faith    .   p - orb {light}
rNeg    . . .      Spirit   .   m - +0 chain mail
rPois   +          Reflect  +   (helmet restricted)
rElec   .          Harm     .   (no cloak)
rCorr   .          Rampage  .   (no gloves)
Will    .....                   (no boots)
Stlth   ..........              g - amulet of reflection
HPRegen 0.16/turn               x - ring of poison resistance
MPRegen 0.11/turn               (no ring)

@: glowing
A: antennae 1, molten scales 1
a: Renounce Religion, Depart the Abyss, Bend Space, Banish, Corrupt


You were on level 4 of the Dungeon.
You worshipped Lugonu.
Lugonu was greatly pleased with you.
You visited 1 branch of the dungeon, and saw 4 of its levels.
You visited the Abyss 1 time.

You collected 156 gold pieces.

Inventory:

Hand Weapons
 a - a +1 hand axe (weapon)
Missiles
 u - 7 poisoned darts
Armour
 b - a +0 leather armour
 m - a +0 chain mail (worn)
 p - an orb of light (worn)
 q - a +0 helmet
Jewellery
 g - an amulet of reflection (around neck)
 x - a ring of poison resistance (left hand)
Wands
 t - a wand of mindburst (11)
 y - a wand of acid (10)
Scrolls
 d - a scroll of blinking {unknown}
 e - 3 scrolls of teleportation
 f - a scroll of fear {unknown}
 h - a scroll of enchant armour {unknown}
 i - 2 scrolls of amnesia {unknown}
 k - a scroll of immolation {unknown}
 n - a scroll of noise {unknown}
 o - a scroll of poison {unknown}
 v - a scroll of fog {unknown}
Potions
 c - 2 potions of lignification {unknown}
 j - a potion of haste {unknown}
 l - 2 potions of berserk rage {unknown}
 r - 3 potions of curing
 s - a potion of mutation {unknown}
 w - a potion of cancellation {unknown}


   Skills:
 * Level 4.3 Fighting
 + Level 3.2 Axes
 + Level 3.2 Armour
 + Level 2.8 Dodging
 + Level 0.6 Spellcasting
 + Level 4.5 Invocations


You had 6 spell levels left.
You didn't know any spells.
Your spell library contained the following spells:

 Spells                   Type           Power      Damage    Failure   Level
 Magic Dart               Conj           0%         1d3       100%        1
 Sandblast                Erth           0%         2d4       100%        1
 Passwall                 Tmut/Erth      0%         N/A       100%        2
 Searing Ray              Conj           0%         2d4       100%        2
 Stone Arrow              Conj/Erth      0%         3d7       100%        3
 Fulminant Prism          Conj/Hex       0%         3d6       100%        4


Dungeon Overview and Level Annotations

Branches:
Dungeon (4/15)
 Temple: D:4-7

Altars:
Kikubaaqudgha


Innate Abilities, Weirdness & Mutations

You have a pair of small antennae on your head.
You are partially covered in molten scales. (AC +2)


Message History

The hobgoblin shouts!
You hit the hobgoblin but do no damage. The hobgoblin hits you.
You hit the hobgoblin.
The hobgoblin is severely wounded.
The hobgoblin hits you but does no damage.
You hit the hobgoblin.
You kill the hobgoblin!
Lugonu accepts your kill.
You now have 156 gold pieces (gained 10).
You see here a hobgoblin corpse.
You start resting.
An orc priest is nearby!
You start resting.
You sense a monster nearby.
The orc priest calls down the wrath of Beogh upon you.
Pain shoots through your body!
You hit the orc priest.
The orc priest is lightly wounded.
The orc priest closely misses you.
You hit the orc priest.
The orc priest is moderately wounded.
The orc priest mumbles some strange prayers to Beogh against you.
Beogh smites you!
* * * LOW HITPOINT WARNING * * *
You hit the orc priest.
The orc priest is severely wounded.
The orc priest hits you with a +0 flail.
* * * LOW HITPOINT WARNING * * *
You block the orc priest's attack.
You hit the orc priest but do no damage.
The orc priest is severely wounded.
The orc priest hits you with a +0 flail!
* * * LOW HITPOINT WARNING * * *
You hit the orc priest.
The orc priest is severely wounded.
The orc priest hits you but does no damage.
You hit the orc priest.
The orc priest is almost dead.
The orc priest hits you with a +0 flail.
You die...

############# #........ ..#
#######.###### #.#
#.........†..# #.###
##.##.†.Oo.##.####...######
....#.##.#@##.....###.)....
...#.##.#.......## ##)####
#..#)##.#######.# #..†..
#..#)##......<..## ##.####
#..#.##o.#######.###.##
#..#.##........:.....#
#..))###.###########(#
#..#.# #.# .....#.# #.#


You could see an ogre and an orc priest.

Vanquished Creatures
  A water moccasin (D:3)
  A necrophage (D:3)
  A scorpion (D:4)
  2 orc wizards (D:4)
  Robin (D:3)
  4 adders
  2 dart slugs
  10 orcs
  7 endoplasms
  6 giant cockroaches
  15 goblins
  14 hobgoblins
  7 jackals
  8 kobolds
  2 quokkas
  2 ball pythons
  9 bats
  4 frilled lizards
  2 rats
98 creatures vanquished.

Vanquished Creatures (others)
  19 fungi (D:1)
  5 plants (D:1)
24 creatures vanquished.

Grand Total: 122 creatures vanquished

Notes
Turn   | Place    | Note
-------+----------+-------------------------------------------
     0 | Abyss:1  | javelincjr the Demonspawn Abyssal Knight began the quest
                  | for the Orb.
     0 | Abyss:1  | Reached XP level 1. HP: 18/18 MP: 2/2
     1 | D:1      | Escaped the Abyss
    81 | D:1      | Reached skill level 1 in Dodging
   166 | D:1      | Gained mutation: You are partially covered in molten
                  | scales. (AC +2) [demonic ancestry]
   166 | D:1      | Reached XP level 2. HP: 21/24 MP: 4/4
   674 | D:1      | Reached XP level 3. HP: 29/29 MP: 5/5
  1069 | D:1      | Found a faded altar of an unknown god.
  1315 | D:2      | Reached *** piety under Lugonu
  1778 | D:2      | Found an ancient bone altar of Kikubaaqudgha.
  2181 | D:3      | Gained mutation: You have a pair of small antennae on your
                  | head. [demonic ancestry]
  2181 | D:3      | Reached XP level 4. HP: 10/35 MP: 6/6
  2795 | D:3      | Noticed a water moccasin
  2808 | D:3      | Killed a water moccasin
  2809 | D:3      | Reached XP level 5. HP: 31/42 MP: 7/7
  2927 | D:3      | Noticed Robin
  2944 | D:3      | Killed Robin
  2947 | D:3      | Reached **** piety under Lugonu
  3153 | D:3      | Reached XP level 6. HP: 34/48 MP: 9/9
  3991 | D:4      | HP: 1/48 [orc priest/+0 flail (7)]
  3993 | D:4      | Slain by an orc priest

Illustrated notes

Levels and vault maps discovered:
D:1:      ebering_trefoil_3fold, layout_basic, shapermc_ecumenical_altar_petra,
          dreamdust_mushroom_princess, corexii_item_surrounded_by_moat
D:2:      layout_loops_corners, basic_altar
D:3:      layout_loops_corners, kennysheep_pointless_box, grunt_ministairs_15,
          uniq_robin
D:4:      layout_loops_ring

Skill      XL: |  1  2  3  4  5  6 |
---------------+-------------------+-----
Dodging        | 1 2 |  2.8
Armour         | 2 3 |  3.2
Axes           | 2 3 |  3.2
Invocations    | 3 4 |  4.5
Fighting       | 4 |  4.3
Spellcasting   | |  0.6

Action                   |  1- 3 |  4- 6 || total
-------------------------+-------+-------++-------
Melee: Hand axe          |   183 |   207 ||   390
       Punch             |     1 |       ||     1
  Use: Scroll            |     1 |       ||     1
Armor: Leather armour    |    38 |       ||    38
       Chain mail        |    21 |   136 ||   157
Dodge: Dodged            |    79 |    78 ||   157
Block: Other             |    17 |       ||    17
       Orb               |     9 |    47 ||    56
       Reflection        |     1 |     1 ||     2
